AoeStats
← No aprendemos 2026

Arabia

510827716Analyzed
1v1 RM · 13h ago on Oct 2, 2026· 49m 20s· 2 players
Game mode
Random Map
Map size
Tiny (2 player)
Population
200
Speed
Normal
Resources
Standard
Victory
Conquest
Starting age
Dark Age
Ending age
Imperial Age
RankedLock teamsTeams togetherTeam positionsShared explorationLock speedFull tech treeHidden civsTurbo modeCheats
Victory
Defeat
🇪🇸 Mongols · Spain
1467
+15
🇺🇸 Bulgarians · United States
1450
-15
achap
6:54 Loom
9:19 Feudal Age
10:24 Double-Bit Axe
12:48 Horse Collar
19:07 Forging
21:47 Castle Age
21:21 Bloodlines
21:17 Scale Barding Armor
21:40 Gold Mining
23:23 Iron Casting
22:51 Husbandry
26:25 Squires
27:40 Bow Saw
31:06 Fletching
30:56 Pikeman
35:46 Bodkin Arrow
39:05 Chain Barding Armor
39:29 Town Watch
41:06 Wheelbarrow
44:12 Imperial Age
43:39 Wheelbarrow
43:29 Stirrups
44:06 Heavy Plow
43:54 Light Cavalry
44:35 Husbandry
45:37 Plate Barding Armor
44:45 Hussar
46:28 Blast Furnace
46:02 Bracer
48:25 Scale Mail Armor
No aprendemos 2026
5:30 Loom
8:32 Feudal Age
10:36 Double-Bit Axe
15:10 Wheelbarrow
19:21 Castle Age
18:15 Horse Collar
18:46 Bloodlines
20:23 Forging
24:52 Scale Barding Armor
28:45 Iron Casting
33:45 Light Cavalry
34:25 Husbandry
37:37 Heavy Plow
38:21 Ballistics
38:11 Fletching
38:22 Padded Archer Armor
38:28 Thumb Ring
39:33 Bodkin Arrow
40:08 Gold Mining
40:08 Stone Mining
40:51 Leather Archer Armor
41:48 Husbandry
43:25 Gold Shaft Mining
46:10 Imperial Age
44:33 Stone Shaft Mining
45:41 Bow Saw
46:18 Chain Barding Armor
46:25 Heavy Camel Rider
47:09 Bracer
48:10 Chemistry
48:57 Blast Furnace
48:46 Hand Cart
Connection lost

Rejoining the realm…

Still unreachable

The connection could not be restored.

Session expired

The server has moved on; the page needs a fresh start.